 Dungeon Crawl Stone Soup version 0.23.1 (webtiles) character file.

Game seed: 5446904567530879839

1800 TheAlmogaver the Thaumaturge (level 9, -9/65 HPs)
             Began as a Gnoll Wizard on Mar 3, 2019.
             Was an Initiate of Ashenzari.
             Mangled by an orc warrior
             ... wielding a +0 scimitar
              (22 damage)
             ... on level 7 of the Dungeon.
             The game lasted 00:43:18 (9781 turns).

TheAlmogaver the Thaumaturge (Gnoll Wizard)         Turns: 9781, Time: 00:43:18

Health: -9/65      AC:  8    Str: 10    XL:     9   Next: 9%
Magic:  19/21      EV: 17    Int: 24    God:    Ashenzari [......]
Gold:   103        SH:  0    Dex: 13    Spells: 13/24 levels left

rFire    . . .     SeeInvis .   j - +3 dagger (venom)
rCold    . . .     Gourm    .   (no shield)
rNeg     . . .     Faith    .   I - +2 robe {Archmagi}
rPois    .         Spirit   .   k - +0 helmet
rElec    .         Reflect  .   (no cloak)
rCorr    .         Harm     .   F - +2 pair of gloves
MR       .....                  (no boots)
Stlth    +++.......             (no amulet)
HPRegen  0.20/turn              s - +2 ring of evasion
MPRegen  0.17/turn              (no ring)

@: lightly drained
A: distributed training, fangs 1, strong nose
a: Curse Item, Renounce Religion


You were on level 7 of the Dungeon.
You worshipped Ashenzari.
Ashenzari was noncommittal.
You were not hungry.

You visited 2 branches of the dungeon, and saw 8 of its levels.

You collected 427 gold pieces.
You spent 324 gold pieces at shops.

Inventory:

Hand Weapons
 j - a +3 dagger of venom (weapon)
Missiles
 g - 48 arrows
Armour
 k - a +0 helmet (worn)
 o - +0 steam dragon scales
 F - a +2 pair of gloves (worn)
 I - a +2 robe of the Archmagi (worn)
Jewellery
 s - a +2 ring of evasion (left hand)
Wands
 t - a wand of polymorph (6)
 v - a wand of iceblast (5)
 y - a wand of digging (3)
 G - a wand of flame (20)
Scrolls
 a - a scroll of identify
 f - 2 scrolls of enchant armour
 h - 4 scrolls of remove curse
 i - a scroll of random uselessness
 r - 3 scrolls of teleportation
Potions
 c - a potion of ambrosia
 m - 3 potions of agility
 n - a potion of magic
 p - a potion of haste
 u - a potion of berserk rage
 x - 2 potions of heal wounds
 A - 2 potions of curing
 C - 2 potions of flight
 H - a potion of cancellation
Comestibles
 b - 2 chunks of flesh
 d - 13 rations


   Skills:
 + Level 3.8(3.7) Fighting
 + Level 3.8(3.7) Short Blades
 + Level 3.8(3.7) Long Blades
 + Level 3.8(3.7) Axes
 + Level 3.8(3.7) Maces & Flails
 + Level 3.8(3.7) Polearms
 + Level 3.8(3.7) Staves
 + Level 3.8(3.7) Slings
 + Level 3.8(3.7) Bows
 + Level 3.8(3.7) Crossbows
 + Level 3.8(3.7) Throwing
 + Level 3.8(3.7) Armour
 + Level 6.0(5.9) Dodging
 + Level 5.7(5.6) Stealth
 + Level 3.8(3.7) Shields
 + Level 3.8(3.7) Unarmed Combat
 + Level 8.2(8.1) Spellcasting
 + Level 3.8 Conjurations
 + Level 3.1(3.0) Hexes
 + Level 3.1(3.0) Charms
 + Level 3.8 Summonings
 + Level 3.1(3.0) Necromancy
 + Level 3.8 Translocations
 + Level 3.1(3.0) Transmutations
 + Level 3.1(3.0) Fire Magic
 + Level 3.1(3.0) Ice Magic
 + Level 3.1(3.0) Air Magic
 + Level 3.1(3.0) Earth Magic
 + Level 3.1(3.0) Poison Magic
 + Level 4.2(4.1) Invocations
 + Level 3.8(3.7) Evocations


You had 13 spell levels left.
You knew the following spells:

 Your Spells              Type           Power        Failure   Level  Hunger
a - Magic Dart            Conj           ####         1%          1    None
b - Blink                 Tloc           N/A          1%          2    None
c - Call Imp              Summ           #####...     1%          2    None
d - Conjure Flame         Conj/Fire      #####...     4%          3    None
e - Mephitic Cloud        Conj/Pois/Air  #####...     4%          3    None

Your spell library contained the following spells:

 Spells                   Type           Power        Failure   Level  Hunger
 Slow                     Hex            #####...     2%          2    None


Dungeon Overview and Level Annotations

Branches:
Dungeon (7/15)             Temple (1/1) D:5

Altars:
Ashenzari
Cheibriados
Dithmenos
Elyvilon
Fedhas
Kikubaaqudgha
Makhleb
Nemelex Xobeh
Okawaru
Ru
Sif Muna
Trog
Uskayaw
Vehumet
Wu Jian
Xom
Yredelemnul
Zin
The Shining One

Shops:
D:6 [%


Innate Abilities, Weirdness & Mutations

Your experience applies equally to all skills.
You have very sharp teeth.
Your uncanny sense of smell can sniff out nearby items.


Message History

Your crimson imp blinks!
Your crimson imp barely misses the bullfrog zombie.
The bullfrog zombie hits you.
The orc warrior hits you with a +0 scimitar!!
You hit the bullfrog zombie.
The bullfrog zombie is almost destroyed.
Your crimson imp blinks!
The bullfrog zombie hits you.
Your crimson imp hits the bullfrog zombie.
The bullfrog zombie is destroyed!
The orc warrior hits you with a +0 scimitar!!
* * * LOW HITPOINT WARNING * * *
Things that are here:
a +0 whip; a +0 flail Your crimson imp closely misses the orc warrior.
Your crimson imp hits the orc warrior but does no damage.
There is a stone staircase leading up, spattered with blood here.
Your crimson imp hits the orc warrior but does no damage.
The orc warrior hits you with a +0 scimitar!!
You die...

#........##.# #..<..
#........#..####[[...
#.............(..(...
#........#.##########
#.(........#
##..##.##### #..5...#
####.#o#### #.....5@#
#.......# #.......#
#.......# #########


You could see an orc warrior and 2 friendly crimson imps.

Vanquished Creatures
  A steam dragon (D:6)
  An ice beast (D:6)
  A sky beast (D:6)
  An ogre (D:4)
  A scorpion (D:7)
  4 killer bees
  6 wights (D:6)
  A howler monkey (D:5)
  A crimson imp (D:7)
  3 hounds
  3 orc wizards
  3 orc priests
  2 worker ants
  A howler monkey zombie (D:6)
  8 adders
  A shadow imp (D:6)
  2 oozes (D:1)
  5 leopard geckos
  12 orcs
  4 giant cockroaches
  8 goblins
  8 hobgoblins
  12 kobolds
  A ball python (D:1)
  6 bats
  4 frilled lizards
  10 rats
110 creatures vanquished.

Vanquished Creatures (collateral kills)
  A hippogriff (D:6)
  A necrophage (D:6)
  2 ogres
  A centaur (D:6)
  A scorpion (D:4)
  2 killer bees
  A bullfrog zombie (D:7)
  2 orc wizards
  Ijyb (D:3)
  Terence (D:1)
  An iguana (D:6)
  A worker ant (D:5)
  Natasha (twice) (D:2)
  A hound zombie (D:5)
  2 hound skeletons
  A howler monkey zombie (D:6)
  An adder (D:4)
  An ooze (D:7)
  A worm (D:2)
  5 orcs
  A hobgoblin (D:2)
30 creatures vanquished.

Grand Total: 140 creatures vanquished

Notes
Turn   | Place    | Note
-------+----------+-------------------------------------------
     0 | D:1      | TheAlmogaver the Gnoll Wizard began the quest for the Orb.
     0 | D:1      | Reached XP level 1. HP: 13/13 MP: 8/8
     0 | D:1      | Noticed a merfolk zombie
     7 | D:1      | Noticed a merfolk zombie
    10 | D:1      | Noticed a merfolk zombie
   151 | D:1      | Reached XP level 2. HP: 19/19 MP: 3/10
   442 | D:1      | Reached XP level 3. HP: 25/25 MP: 3/11
   998 | D:2      | Reached skill level 1 in Invocations
  1218 | D:2      | Reached skill level 1 in Fighting
  1218 | D:2      | Reached skill level 1 in Short Blades
  1218 | D:2      | Reached skill level 1 in Long Blades
  1218 | D:2      | Reached skill level 1 in Axes
  1218 | D:2      | Reached skill level 1 in Maces & Flails
  1218 | D:2      | Reached skill level 1 in Polearms
  1218 | D:2      | Reached skill level 1 in Staves
  1218 | D:2      | Reached skill level 1 in Slings
  1218 | D:2      | Reached skill level 1 in Bows
  1218 | D:2      | Reached skill level 1 in Crossbows
  1218 | D:2      | Reached skill level 1 in Throwing
  1218 | D:2      | Reached skill level 1 in Armour
  1218 | D:2      | Reached skill level 1 in Shields
  1218 | D:2      | Reached skill level 1 in Unarmed Combat
  1218 | D:2      | Reached skill level 1 in Evocations
  1295 | D:2      | Reached XP level 4. HP: 32/32 MP: 9/13
  1429 | D:2      | Noticed Natasha
  1430 | D:2      | Noticed Terence
  1569 | D:1      | Learned a level 2 spell: Blink
  1572 | D:1      | Learned a level 2 spell: Call Imp
  1576 | D:1      | Learned a level 3 spell: Conjure Flame
  1580 | D:1      | Learned a level 3 spell: Mephitic Cloud
  1593 | D:1      | Killed Terence
  1702 | D:2      | Killed Natasha
  1702 | D:2      | Reached skill level 1 in Hexes
  1702 | D:2      | Reached skill level 1 in Charms
  1702 | D:2      | Reached skill level 1 in Necromancy
  1702 | D:2      | Reached skill level 1 in Transmutations
  1702 | D:2      | Reached skill level 1 in Fire Magic
  1702 | D:2      | Reached skill level 1 in Ice Magic
  1702 | D:2      | Reached skill level 1 in Air Magic
  1702 | D:2      | Reached skill level 1 in Earth Magic
  1702 | D:2      | Reached skill level 1 in Poison Magic
  1804 | D:2      | Noticed Natasha
  1813 | D:2      | Killed Natasha
  1942 | D:2      | Reached XP level 5. HP: 37/37 MP: 7/14
  2385 | D:3      | Found an ornate altar of the Wu Jian Council.
  2385 | D:3      | Noticed Ijyb
  2684 | D:3      | Killed Ijyb
  4091 | D:4      | Reached XP level 6. HP: 36/44 MP: 3/16
  4323 | D:4      | Reached skill level 5 in Dodging
  4441 | D:5      | Entered Level 5 of the Dungeon
  4529 | D:5      | Found a staircase to the Ecumenical Temple.
  5028 | D:5      | Found an ancient bone altar of Kikubaaqudgha.
  5029 | D:5      | Found a shattered altar of Ashenzari.
  5049 | D:5      | Became a worshipper of Ashenzari the Shackled
  5261 | D:5      | Reached XP level 7. HP: 50/50 MP: 9/18
  5631 | Temple   | Entered the Ecumenical Temple
  6383 | D:6      | Found Oqoizeqo's Food Emporium.
  6403 | D:6      | Found Fuecuor's Antique Armour Shoppe.
  6609 | D:6      | Found a burning altar of Makhleb.
  6609 | D:6      | Noticed a cacodemon
  6612 | D:6      | Noticed a smoke demon
  6612 | D:6      | Noticed a smoke demon
  6703 | D:6      | Bought a pair of glowing gloves for 217 gold pieces
  6703 | D:6      | Bought an embroidered robe for 107 gold pieces
  6763 | D:7      | Noticed a hippogriff
  6793 | D:6      | Killed a hippogriff
  6793 | D:6      | Reached skill level 5 in Stealth
  7779 | D:7      | Reached XP level 8. HP: 57/57 MP: 13/19
  9104 | D:6      | Reached skill level 8 in Spellcasting
  9453 | D:6      | Reached XP level 9. HP: 38/65 MP: 10/21
  9781 | D:7      | Mangled by an orc warrior

Skill      XL: |  1  2  3  4  5  6  7  8  9 |
---------------+----------------------------+-----
Conjurations   | 2 3 |  3.8
Summonings     | 2 3 |  3.8
Translocations | 2 3 |  3.8
Invocations    | 1 2 3 4 |  4.2
Fighting       | 1 2 3 |  3.8
Short Blades   | 1 2 3 |  3.8
Long Blades    | 1 2 3 |  3.8
Axes           | 1 2 3 |  3.8
Maces & Flails | 1 2 3 |  3.8
Polearms       | 1 2 3 |  3.8
Staves         | 1 2 3 |  3.8
Slings         | 1 2 3 |  3.8
Bows           | 1 2 3 |  3.8
Crossbows      | 1 2 3 |  3.8
Throwing       | 1 2 3 |  3.8
Armour         | 1 2 3 |  3.8
Shields        | 1 2 3 |  3.8
Unarmed Combat | 1 2 3 |  3.8
Evocations     | 1 2 3 |  3.8
Hexes          | 1 2 3 |  3.1
Charms         | 1 2 3 |  3.1
Necromancy     | 1 2 3 |  3.1
Transmutations | 1 2 3 |  3.1
Fire Magic     | 1 2 3 |  3.1
Ice Magic      | 1 2 3 |  3.1
Air Magic      | 1 2 3 |  3.1
Earth Magic    | 1 2 3 |  3.1
Poison Magic   | 1 2 3 |  3.1
Dodging        | 5 6 |  6.0
Stealth        | 5 |  5.7
Spellcasting   | 8 |  8.2

Action                   |  1- 3 |  4- 6 |  7- 9 || total
-------------------------+-------+-------+-------++-------
Melee: Short sword       |       |    27 |    25 ||    52
       Bite              |       |     7 |     8 ||    15
       Punch             |       |     1 |       ||     1
       Dagger            |       |       |    83 ||    83
 Cast: Magic Dart        |    65 |    92 |    36 ||   193
       Call Imp          |       |    51 |    86 ||   137
       Mephitic Cloud    |       |     9 |    28 ||    37
       Blink             |       |     4 |    21 ||    25
       Conjure Flame     |       |       |     3 ||     3
Evoke: Wand              |       |       |    11 ||    11
  Use: Scroll            |       |       |    16 ||    16
       Potion            |       |       |     3 ||     3
 Stab: Confused          |       |     1 |     7 ||     8
  Eat: Chunk             |     1 |     8 |     4 ||    13
       Ration            |       |     1 |     3 ||     4
Armor: Robe              |     4 |     2 |    36 ||    42
Dodge: Dodged            |     6 |    22 |   149 ||   177
